 Dungeon Crawl Stone Soup version 0.21.1-1-g345015fe64 (webtiles) character file.

151 Mrkan the Ruffian (level 5, -4/50 HPs)
             Began as a Troll Monk on May 10, 2018.
             Slain by an orc warrior
             ... wielding a +0 hand axe
              (15 damage)
             ... on level 3 of the Dungeon.
             The game lasted 00:04:08 (1475 turns).

Mrkan the Ruffian (Troll Monk)                      Turns: 1475, Time: 00:04:09

Health: -4/50      AC:  5    Str: 19    XL:     5   Next: 11%
Magic:  4/4        EV: 10    Int:  6    God:
Gold:   61         SH:  0    Dex: 13    Spells: 4/4 levels left

rFire    . . .     SeeInvis .     - Unarmed
rCold    . . .     Gourm    +   (no shield)
rNeg     . . .     Faith    .   a - +0 robe
rPois    .         Spirit   .   (helmet restricted)
rElec    .         Reflect  .   (no cloak)
rCorr    .         Harm     .   (gloves unavailable)
MR       .....                  (boots unavailable)
Stlth    ++........             (no amulet)
HPRegen  0.56/turn              (no ring)
MPRegen  0.09/turn              (no ring)

@: very slow
A: large, unfitting armour, claws 3, fast metabolism 3, gourmand, regeneration
1, shaggy fur 1, tough skin 2
a: no special abilities


You were on level 3 of the Dungeon.
You were very full.

You visited 1 branch of the dungeon, and saw 3 of its levels.

You collected 61 gold pieces.

Inventory:

Armour
 a - a +0 robe (worn)
Jewellery
 d - an uncursed amulet of rage {unknown}
Wands
 m - a wand of disintegration (13)
Scrolls
 c - 2 scrolls of teleportation {unknown}
 e - 4 scrolls of identify {unknown}
 i - a scroll of blinking {unknown}
 k - a scroll of random uselessness {unknown}
 o - a scroll of noise {unknown}
Potions
 f - a potion of berserk rage {unknown}
 g - a potion of degeneration {unknown}
 h - 2 potions of might {unknown}
 j - a potion of heal wounds {unknown}
 l - a potion of curing {unknown}
 n - a potion of lignification {unknown}
Comestibles
 b - 3 rations
 p - 6 chunks of flesh


   Skills:
 - Level 2.4 Fighting
 - Level 2.4 Dodging
 - Level 1.0 Stealth
 * Level 5.9 Unarmed Combat


You had 4 spell levels left.
You didn't know any spells.

Dungeon Overview and Level Annotations

Branches:
Dungeon (3/15)

Altars:
Ashenzari
Gozag


Innate Abilities, Weirdness & Mutations

You are too large for most types of armour.
You have claws for hands.
Your metabolism is lightning-fast.
You like to eat raw meat.
Your natural rate of healing is unusually fast.
You are covered in fur. (AC +1)
You have very tough skin. (AC +2)


Message History

You barely miss the frilled lizard. The frilled lizard barely misses you.
You closely miss the frilled lizard. The frilled lizard bites you.
* * * LOW HITPOINT WARNING * * *
The frilled lizard barely misses you.
A rat comes into view.
The frilled lizard bites you but does no damage.
Some of the chunks of flesh in your inventory have rotted away.
You barely miss the worm. The frilled lizard closely misses you.
You claw the worm!
The worm is almost dead.
The worm bites you but does no damage. The frilled lizard barely misses you.
You claw the worm!
You kill the worm!
You barely miss the leopard gecko.
The leopard gecko bites you but does no damage.
The frilled lizard barely misses you.
You barely miss the leopard gecko. The leopard gecko barely misses you.
The frilled lizard closely misses you.
The orc warrior hits you with a hand axe!
You die...

#### #≈≈ ≈≈r #≈≈ #≈# #≈#
#l# #@## ####
##ol####≈≈####
#≈≈{oo≈oo†≈..#
##≈≈####≈≈##.# #### #####.#
.##.########..#
.............##
##.....................####
........................#


You could see an orc warrior, 2 orcs, a leopard gecko, a frilled lizard and a
rat (sleeping).

Vanquished Creatures
  A bullfrog skeleton (D:3)
  Jessica (D:2)
  3 gnolls (D:3)
  2 adders
  2 worms
  2 dart slugs
  2 orcs (D:3)
  2 bats
  3 giant cockroaches
  6 goblins
  3 hobgoblins
  5 frilled lizards
  A jackal skeleton (D:3)
  5 kobolds
  6 rats
44 creatures vanquished.

Notes
Turn   | Place    | Note
-------+----------+-------------------------------------------
     0 | D:1      | Mrkan the Troll Monk began the quest for the Orb.
     0 | D:1      | Reached XP level 1. HP: 22/22 MP: 0/0
   618 | D:2      | Reached XP level 2. HP: 29/29 MP: 1/1
   671 | D:2      | Reached skill level 4 in Unarmed Combat
   729 | D:2      | Found an opulent altar of Gozag.
   733 | D:2      | Found a shattered altar of Ashenzari.
   803 | D:2      | Reached XP level 3. HP: 30/36 MP: 2/2
   881 | D:2      | Noticed Jessica
   888 | D:2      | Killed Jessica
  1247 | D:3      | Reached skill level 5 in Unarmed Combat
  1247 | D:3      | Reached XP level 4. HP: 44/44 MP: 3/3
  1288 | D:3      | Reached XP level 5. HP: 14/50 MP: 4/4
  1405 | D:3      | Noticed an orc warrior
  1475 | D:3      | Slain by an orc warrior

Skill      XL: |  1  2  3 |
---------------+----------+-----
Unarmed Combat | 4 5 |  5.9
Fighting       | |  2.4
Dodging        | |  2.4
Stealth        | |  1.0

Action                   |  1- 3 |  4- 6 || total
-------------------------+-------+-------++-------
Melee: Unarmed           |    71 |    48 ||   119
       Punch             |       |     1 ||     1
 Stab: Sleeping          |     3 |       ||     3
  Eat: Chunk             |    15 |     3 ||    18
Armor: Robe              |    32 |    21 ||    53
Dodge: Dodged            |    43 |    43 ||    86
